 Dungeon Crawl Stone Soup version 0.17.2-1-ge4368a0 (webtiles) character file.

24 ololoev the Chopper (level 2, -5/36 HPs)
             Began as a Demonspawn Berserker on July 27, 2016.
             Was a Follower of Trog.
             Slain by an ogre
             ... wielding a +0 giant club
              (17 damage)
             ... on level 3 of the Dungeon.
             The game lasted 00:02:40 (594 turns).

ololoev the Chopper (Demonspawn Berserker)           Turns: 594, Time: 00:02:40

Health: -5/36      AC:  4    Str: 22    XL:     2   Next: 79%
Magic:  2/2        EV: 12    Int:  8    God:    Trog [*.....]
Gold:   35         SH:  0    Dex: 12    Spells: 0 memorised, 1 level left

rFire  . . .     SeeInvis .     a - +0 hand axe
rCold  . . .     Clarity  .     b - +0 animal skin
rNeg   . . .     SustAt   .     (no shield)
rPois  .         Gourm    .     (no helmet)
rElec  .         Spirit   .     (no cloak)
rCorr  .         Warding  .     (no gloves)
rMut   .         Stasis   .     (no boots)
MR     .....                    (no amulet)
Stlth  ..........               (no ring)
                                e - ring of flight

@: berserking, very quick, not resistant to hostile enchantments, extremely
unstealthy
A: slimy green scales 1
a: Berserk, Burn Spellbooks, Renounce Religion, Evoke Flight


Innate Abilities, Weirdness & Mutations

You are partially covered in slimy green scales (AC +2).

Inventory:

Hand Weapons
 a - a +0 hand axe (weapon)
Armour
 b - a +0 animal skin (worn)
Jewellery
 e - a ring of flight (left hand)
Scrolls
 f - 2 scrolls of identify {unknown}
Potions
 d - a potion of degeneration {unknown}
 g - a potion of brilliance {unknown}
 h - a potion of experience {unknown}
Comestibles
 c - 2 bread rations
 i - 2 chunks of flesh


   Skills:
 - Level 3.0 Fighting
 * Level 3.3 Axes
 + Level 2.2 Armour
 - Level 1.7 Dodging


You had one spell level left.
You didn't know any spells.


You were on level 3 of the Dungeon.
You worshipped Trog.
Trog was aware of your devotion.
You were hungry.

You visited 1 branch of the dungeon, and saw 3 of its levels.

You collected 35 gold pieces.

#........)## ..... .#
#.........## . .#.. .#
#........... #. _#.###.#
#.........#.
..h#......###.....#...#.
...h..........#...#.##..
#..g.....#...#.##......
#..OJ..#.##......#...
#.>h@##......#...#.##
####.....#...#.##..#
###...#.###.....#
#...##......#.###
#.#.....#...#..###
###.......#.##...†..
.........##......##..
####.##......#...##..
#.##......#..(.<..

Notes
Turn   | Place    | Note
--------------------------------------------------------------
     0 | D:1      | ololoev the Demonspawn Berserker began the quest for the Orb.
     0 | D:1      | Reached XP level 1. HP: 18/18 MP: 1/1
   300 | D:3      | Gained mutation: You are partially covered in slimy green scales (AC +2). [demonic ancestry]
   300 | D:3      | Reached XP level 2. HP: 24/24 MP: 2/2
   428 | D:2      | Found a glowing golden altar of the Shining One.
   543 | D:3      | Noticed an ogre
   585 | D:3      | Found a faded altar to an unknown god.
   594 | D:3      | Slain by an ogre

Dungeon Overview and Level Annotations

Branches:
Dungeon (3/15)

Altars:
The Shining One


Message History

You feel yourself moving faster!
You feel mighty!
You are feeling hungry.
A jackal and a hobgoblin come into view.
The hobgoblin shouts!
The jackal barks!
You slash the ogre!
The ogre is heavily wounded.
The ogre hits you with a giant club!
Unknown command.
You barely miss the ogre.
The ogre is heavily wounded.
Unknown command.
You hit the ogre.
The ogre is severely wounded.
The ogre closely misses you.
A jackal comes into view.
Unknown command.
You closely miss the ogre.
The ogre is severely wounded.
The jackal barks!
You hit the jackal.
The jackal is almost dead.
The jackal bites you but does no damage.
Unknown command.
You hit the ogre.
The ogre is severely wounded.
You barely miss the jackal.
The jackal is almost dead.
The ogre closely misses you.
The jackal bites you but does no damage.
A jackal comes into view.
You barely miss the ogre.
The ogre is severely wounded.
The jackal barks!
You hit the jackal.
You kill the jackal!
Trog accepts your kill.
You hit the ooze.
The ooze is moderately wounded.
The ogre hits you with a giant club!
You die...

You could see an ogre, an ooze, 3 jackals and a hobgoblin.

Vanquished Creatures
  2 worms (D:3)
  A giant gecko (D:2)
  3 hobgoblins
  2 bats (D:3)
  3 giant newts (D:3)
  2 goblins
  3 jackals (D:3)
  A kobold (D:3)
  2 rats
19 creatures vanquished.

Action                   || total
-------------------------++-------
Melee: Hand axe          ||    68
Invok: Berserk           ||     3
  Eat: Chunk             ||     1

Vault maps used:
D:1:      onia_arrival_mini_spirals, serial_bayou_pond_e,
          minmay_misc_feat_square
D:2:      nicolae_overflow_crystal_walls, first_bread, uniq_crazy_yiuf_cottage
D:3:      ecumenical_altar_1, hangedman_decor_clover_reticule, nrook_uturn,
          hangedman_decor_points
